 Dungeon Crawl Stone Soup version 0.20-a0-923-g548304e (webtiles) character file.

267250 Rrauwl the Fencer (level 20, -28/156 HPs)
             Began as a Barachi Abyssal Knight on Mar 26, 2017.
             Was the Champion of Lugonu.
             Hit by a large rock thrown by a stone giant (35 damage)
             ... on level 2 of the Depths.
             The game lasted 05:35:40 (46300 turns).

Rrauwl the Fencer (Barachi Abyssal Knight)         Turns: 46300, Time: 05:35:41

Health: -28/156    AC: 28    Str: 16    XL:     20   Next: 12%
Magic:  0/30       EV: 19    Int: 18    God:    Lugonu [******]
Gold:   1824       SH:  0    Dex: 15    Spells: 13/33 levels left

rFire    + + +     SeeInvis .   j - +5 great sword "Notiagy" {slice, rPois}
rCold    + . .     Gourm    .   (shield currently unavailable)
rNeg     + . .     Faith    .   a - +5 ring mail "Zifupp" {rF+++ Regen+}
rPois    +         Spirit   +   c - +2 hat
rElec    .         Reflect  .   m - +2 cloak {rC+}
rCorr    .         Harm     .   o - +0 pair of gloves of the Realm of Zot {MR+}
MR       ++++.                  s - +2 pair of boots
Stlth    ++........             J - amulet of Nowif {Spirit +Blink rN+ Stlth+}
Regen    1.8/turn               i - ring of protection from magic
MPRegen  0.3/turn               H - +5 ring of protection

@: exhausted, about to teleport, very slightly contaminated, regenerating
(expiring), hasted, quick
A: +LOS, swims, talons 1, clever 1, magic resistance 1, slowness 1, strong legs
2
}: 2/15 runes: barnacled, gossamer
a: Hop, Depart the Abyss, Bend Space, Banish, Corrupt, Enter the Abyss, Brand
Weapon With Distortion, Renounce Religion, Evoke Blink


You were on level 2 of the Depths.
You worshipped Lugonu.
Lugonu was exalted by your worship.
You were not hungry.

You visited 7 branches of the dungeon, and saw 34 of its levels.
You visited the Abyss 1 time.
You visited 1 bazaar.
You also visited: Sewer and Ice Cave.

You collected 3794 gold pieces.
You spent 1970 gold pieces at shops.

Inventory:

Hand Weapons
 g - the +8 hunting sling "Kaanacs" {venom, +Blink rN+ Int-4}
   (You found it on level 5 of the Abyss)

   It poisons the ammo it fires.
   It affects your intelligence (-4).
   It protects you from negative energy.
   It lets you blink.
 j - the +5 great sword "Notiagy" (weapon) {slice, rPois}
   (You bought it in a shop on level 2 of the Orcish Mines)

   It inflicts extra damage upon your enemies.
   It protects you from poison.
Missiles
 t - 14 poisoned javelins (quivered)
 x - 262 sling bullets
 I - 607 arrows
Armour
 a - the +5 ring mail "Zifupp" (worn) {rF+++ Regen+}
   (You bought it in a shop on level 11 of the Dungeon)

   It renders you almost immune to fire.
   It increases your rate of regeneration.
 c - a +2 hat (worn)
 m - a +2 cloak of cold resistance (worn)
 o - the +0 pair of gloves of the Realm of Zot (worn) {MR+}
   (You acquired it on level 13 of the Dungeon)

   It affects your resistance to hostile enchantments.
 s - a +2 pair of boots (worn)
 u - +0 fire dragon scales
 B - a +2 buckler of protection
 G - +0 ice dragon scales
Jewellery
 i - a ring of protection from magic (left hand)
 H - a +5 ring of protection (right hand)
 J - the amulet of Nowif (around neck) {Spirit +Blink rN+ Stlth+}
   (You found it on level 8 of the Dungeon)

   [amulet of guardian spirit]

   It causes incoming damage to be split between your health and magic.
   It protects you from negative energy.
   It lets you blink.
   It makes you more stealthy.
Wands
 d - a wand of paralysis (8/24)
 h - a wand of polymorph (21/24)
 l - a wand of random effects (10/48)
 p - a wand of acid (4/15)
 r - a wand of iceblast (5/15)
 y - a wand of confusion (12/48)
 z - a wand of lightning (8/15)
 D - a wand of scattershot (0/9)
 Q - a wand of disintegration (6/24)
 S - a wand of digging (10/24)
 V - a wand of confusion (33/48)
Scrolls
 q - 7 scrolls of identify
 v - 11 scrolls of teleportation
 E - 3 scrolls of fog
 M - a scroll of remove curse
 N - a scroll of holy word
 R - 2 scrolls of fear
 U - a scroll of magic mapping
 W - 2 scrolls of summoning
Potions
 e - 7 potions of flight
 n - 3 potions of invisibility
 A - 2 potions of might
 C - 3 potions of curing
 F - a potion of resistance
Miscellaneous
 b - a fan of gales
 K - a sack of spiders
 L - a lightning rod (4/4)
 Y - a phial of floods (inert)
Comestibles
 f - 17 bread rations
 P - 5 chunks of flesh
 T - a meat ration


   Skills:
 + Level 13.3 Fighting
 - Level 20.0 Long Blades
 - Level 14.0 Slings
 + Level 13.8 Armour
 + Level 12.6 Dodging
 - Level 8.0 Shields
 - Level 7.1 Spellcasting
 - Level 5.2 Conjurations
 - Level 5.0 Charms
 - Level 6.0 Necromancy
 - Level 5.0 Translocations
 - Level 5.0 Transmutations
 - Level 5.1 Fire Magic
 - Level 5.0 Air Magic
 - Level 5.1 Poison Magic
 - Level 7.0 Invocations
 - Level 9.0 Evocations


You had 13 spell levels left.
You knew the following spells:

 Your Spells              Type           Power        Failure   Level  Hunger
a - Sticks to Snakes      Tmut           ###.....     3%          2    None
b - Regeneration          Chrm/Necr      ####......   8%          3    ##.....
c - Flame Tongue          Conj/Fire      ####.        2%          1    None
d - Control Undead        Necr           ####......   17%         4    ####...
e - Blink                 Tloc           N/A          3%          2    None
f - Mephitic Cloud        Conj/Pois/Air  ###.....     10%         3    ##.....
g - Apportation           Tloc           ###...       2%          1    None
h - Passage of Golubria   Tloc           N/A          24%         4    ####...


Dungeon Overview and Level Annotations

Branches:
Dungeon (15/15)            Temple (1/1) D:5            Lair (6/6) D:10
 Shoals (4/4) Lair:2       Spider (4/4) Lair:3        Slime (0/5) Lair:6
    Orc (2/2) D:10            Elf (0/3) Orc:2        Vaults (0/5) D:13
 Depths (2/5) D:15

Altars:
Ashenzari
Nemelex Xobeh
Okawaru
Ru
Sif Muna
Trog
Beogh
Jiyva

Shops:
D:11 *   Orc:2 !}?[(

Portals:
Hell: Depths:1
Pandemonium: Orc:2

Annotations:
Depths:1 the Enchantress


Innate Abilities, Weirdness & Mutations

Shadows flee at your approach. (+LOS)
You can swim through water.
You cover ground slowly.
You can hop longer distances.
You have sharp toenails.
Your mind is acute. (Int +2)
You are resistant to hostile enchantments. (MR+)


Message History

You see here a large rock.
The stone giant throws a large rock.
The large rock hits you but does no damage.
You see here a large rock.
Do you really want to walk into the Zot trap? (Confirm with "yes".)
Okay, then.
Unknown command.
As you read the scroll of teleportation, it crumbles to dust.
You feel strangely unstable.
You feel yourself speed up.
The guardian serpent falls off the wall.
The orb spider changes into a guardian serpent!
The orb of destruction hits the boggart.
The boggart is blown up!
The stone giant throws a large rock.
The large rock hits you!
* * * LOW HITPOINT WARNING * * *
Unknown command.
You feel better.
The stone giant throws a large rock.
The large rock hits you!!!
You die...

########################
................§......#
.............(.CCC.....#
R..............C.R.....#
##################)....#
.. ..$......^#.R...#
.... .........@#.....#
...... .........(#.....#
.................#..R..#
##########.......#.....#
. #......§#.....# .
#......§#.....#
#.......#.....#
#......§#.....#
#.....CS#.....#


You could see a stone giant and a guardian serpent shaped shifter.

Vanquished Creatures
  Mara (Depths:1)
  Arachne (Spider:2)
  A lich (Depths:2)
  Rupert (D:13)
  2 krakens
  Ilsuiw (Shoals:4)
  2 fire giants
  4 ghost moths
  4 emperor scorpions
  2 frost giants
  4 stone giants
  3 very ugly things (Depths:1)
  2 spriggan defenders (Depths:1)
  An entropy weaver (Spider:3)
  2 spark wasps
  Azrael (Spider:1)
  10 merfolk javelineers
  3 fire dragons
  2 ettins
  A great orb of eyes (Depths:1)
  Snorg (Lair:6)
  9 merfolk impalers
  2 catoblepae (Lair:6)
  4 ice dragons
  A yaktaur captain (D:15)
  A rakshasa (D:15)
  2 vault guards (D:13)
  8 hydras
  2 merfolk avatars
  8 centaur warriors
  Erica (D:10)
  A spriggan air mage (Depths:1)
  2 ogre magi
  2 tengu warriors
  4 merfolk aquamancers
  5 satyrs
  2 deep troll shamans
  14 two-headed ogres
  5 death yaks (Lair:6)
  2 deep troll earth magi (Depths:1)
  5 orc high priests (Orc:2)
  The ghost of Mulkerokala the Basher, a novice BaBe of Trog (D:7)
  Sonja (Lair:2)
  4 hell knights (Depths:1)
  A sixfirhy (Orc:2)
  13 sea snakes
  4 unseen horrors
  A torturous demonspawn (Orc:2)
  2 gelid demonspawn (Orc:2)
  2 deep trolls (Depths:1)
  2 glowing orange brains (Depths:1)
  A wizard (Depths:1)
  3 necromancers
  A lindwurm (Lair:6)
  2 harpies
  5 orc knights
  12 ugly things
  11 deep elf magi
  18 orb spiders
  30 wolf spiders
  11 orc sorcerers
  5 cyclopes
  15 manticores
  11 elephants
  18 fauns
  9 merfolk sirens
  A moth of wrath (Spider:2)
  4 black mambas
  An ice statue (IceCv)
  Maurice (D:11)
  9 spiny frogs
  4 water nymphs
  5 gargoyles
  2 torpor snails
  4 centaur skeletons
  2 rime drakes (Lair:6)
  An efreet (D:13)
  2 komodo dragons
  A freezing wraith (D:15)
  9 demonic crawlers
  2 kobold demonologists
  3 yaktaurs
  A tengu conjurer (D:14)
  An ice devil (Orc:2)
  22 merfolk
  5 trolls
  3 meliai (D:14)
  2 red devils (Orc:2)
  14 polar bears
  7 hornets
  Grinder (D:6)
  5 wind drakes
  39 jumping spiders
  16 blink frogs
  The ghost of emsyzz the Covered, an amateur DsCK of Xom (D:4)
  10 dream sheep
  9 snapping turtles
  11 hippogriffs
  A shadow (D:15)
  Sigmund (D:5)
  4 wraiths
  110 redbacks
  3 ynoxinuls (Orc:2)
  8 water elementals
  37 tarantellas
  3 spriggans
  2 wyverns
  54 yaks
  2 vampires
  4 fire elementals (Spider:1)
  23 humans
  2 hungry ghosts (D:14)
  2 vampire mosquitoes (D:11)
  Menkaure (D:7)
  6 basilisks
  A chaos spawn (Orc:2)
  4 wargs (Orc:2)
  11 water moccasins
  4 hell hounds (Spider:1)
  An acid dragon (D:13)
  10 porcupines
  37 orc warriors
  A swamp drake (D:10)
  14 ice beasts
  7 sky beasts
  4 black bears
  3 eyes of draining
  5 phantoms
  4 boggarts
  11 ogres
  34 wolves
  3 centaurs
  8 crocodiles
  14 bullfrogs
  3 scorpions
  3 killer bees (Depths:2)
  3 wights (D:6)
  3 electric eels (Lair:1)
  4 howler monkeys
  A centaur zombie (D:12)
  9 crimson imps
  A bullfrog zombie (D:7)
  5 jellies
  34 orc priests
  10 hounds
  3 quasits
  Crazy Yiuf (D:2)
  3 bullfrog skeletons
  Natasha (D:2)
  5 iguanas
  23 orc wizards
  2 hell rats (Lair:2)
  11 worker ants
  Robin (D:2)
  9 gnolls
  12 river rats
  16 adders
  A shadow imp (D:11)
  An ooze (D:2)
  6 worms
  5 dart slugs
  7 leopard geckos
  114 orcs
  9 ball pythons
  16 bats
  4 giant cockroaches
  14 goblins
  10 hobgoblins
  22 jackals
  2 quokkas
  4 frilled lizards
  12 kobolds
  2 leopard gecko skeletons
  2 leopard gecko zombies
  A quokka skeleton (D:4)
  6 rats
  2 fungi
  3 plants
  6 tentacles
1361 creatures vanquished.

Vanquished Creatures (collateral kills)
  A two-headed ogre (D:13)
  A manticore (D:13)
  A cyclops (D:13)
  A komodo dragon (D:13)
  A crimson imp (D:12)
  An orc (Orc:1)
6 creatures vanquished.

Vanquished Creatures (others)
  A boggart (Depths:2)
  An orc (Orc:1)
  2 bushes (Lair:6)
  6 fungi
  32 plants
  21 tentacles
63 creatures vanquished.

Grand Total: 1430 creatures vanquished

Notes
Turn   | Place    | Note
-------+----------+-------------------------------------------
     0 | Abyss:1  | Rrauwl the Barachi Abyssal Knight began the quest for the Orb.
     0 | Abyss:1  | Reached XP level 1. HP: 18/18 MP: 2/2
    25 | Abyss:1  | Found a sacrificial altar of Ru.
    38 | Abyss:2  | Found a corrupted altar of Lugonu.
    64 | Abyss:2  | Noticed a raiju
    64 | Abyss:2  | Noticed a raiju
    66 | Abyss:2  | Noticed a raiju
    98 | Abyss:4  | Noticed a raiju
    98 | Abyss:4  | Noticed a raiju
   102 | Abyss:5  | Entered Level 5 of the Abyss
   116 | Abyss:5  | Noticed a small abomination
   121 | Abyss:5  | Got an encrusted hunting sling
   123 | Abyss:5  | Noticed a wretched star
   124 | D:1      | Escaped the Abyss
   125 | D:1      | Identified the +8 hunting sling "Kaanacs" {venom, +Blink rN+ Int-4} (You found it on level 5 of the Abyss)
   301 | D:1      | Reached * piety under Lugonu
   302 | D:1      | Reached XP level 2. HP: 25/25 MP: 3/3
   763 | D:1      | Reached XP level 3. HP: 30/30 MP: 4/4
   958 | D:1      | Reached skill level 1 in Slings
  1337 | D:2      | Reached ** piety under Lugonu
  1337 | D:2      | Reached skill level 3 in Long Blades
  1438 | D:2      | Noticed Robin
  1448 | D:2      | Reached XP level 4. HP: 37/37 MP: 5/5
  1589 | D:2      | Killed Robin
  1624 | D:2      | Noticed Natasha
  1627 | D:2      | Killed Natasha
  1627 | D:2      | Reached XP level 5. HP: 42/42 MP: 6/6
  1787 | D:2      | Found a runed door.
  1792 | D:2      | Noticed Crazy Yiuf
  1795 | D:2      | Killed Crazy Yiuf
  1844 | D:3      | Found a glowing drain.
  1861 | D:3      | Reached skill level 4 in Long Blades
  1973 | Sewer    | Entered a sewer
  2102 | Sewer    | Reached *** piety under Lugonu
  2169 | Sewer    | Reached XP level 6. HP: 48/48 MP: 7/7
  2235 | Sewer    | Reached skill level 1 in Evocations
  3168 | D:4      | Reached XP level 7. HP: 44/54 MP: 8/8
  3361 | D:4      | Noticed emsyzz's ghost (amateur DsCK)
  3647 | D:4      | Killed emsyzz's ghost
  3647 | D:4      | Reached skill level 5 in Long Blades
  3863 | D:4      | Reached **** piety under Lugonu
  3875 | D:4      | Reached XP level 8. HP: 50/60 MP: 10/10
  3926 | D:5      | Entered Level 5 of the Dungeon
  3986 | D:5      | Found a staircase to the Ecumenical Temple.
  4009 | Temple   | Entered the Ecumenical Temple
  4095 | D:5      | Reached skill level 6 in Long Blades
  4133 | D:5      | Noticed Sigmund
  4183 | D:5      | Killed Sigmund
  4183 | D:5      | Reached skill level 5 in Slings
  4432 | D:6      | Reached skill level 7 in Long Blades
  4644 | D:6      | Noticed Grinder
  4651 | D:6      | Paralysed by Grinder for 3 turns
  4656 | D:6      | Killed Grinder
  4656 | D:6      | Reached XP level 9. HP: 64/65 MP: 12/12
  4751 | D:6      | Reached skill level 8 in Long Blades
  4958 | D:6      | Found a sparkling altar of Nemelex Xobeh.
  5153 | D:6      | Reached ***** piety under Lugonu
  5153 | D:6      | Reached skill level 9 in Long Blades
  5433 | D:7      | Noticed Mulkerokala's ghost (novice BaBe)
  5457 | D:7      | Killed Mulkerokala's ghost
  5457 | D:7      | Reached skill level 10 in Long Blades
  5794 | D:7      | Reached XP level 10. HP: 71/71 MP: 13/13
  5828 | D:7      | Gained mutation: You do not regenerate when monsters are visible. [potion of mutation]
  5828 | D:7      | Gained mutation: You are partially covered in thin metallic scales. (AC +2) [potion of mutation]
  5828 | D:7      | Gained mutation: Your system is resistant to poisons. (rPois) [potion of mutation]
  5828 | D:7      | Gained mutation: You have a pair of small antennae on your head. [potion of mutation]
  6061 | D:7      | Noticed Menkaure
  6070 | D:7      | Killed Menkaure
  6232 | D:7      | Learned a level 2 spell: Sticks to Snakes
  6711 | D:8      | Found a shattered altar of Ashenzari.
  6717 | D:8      | Got a shimmering steel amulet
  6719 | D:8      | Identified the amulet of Nowif {Spirit +Blink rN+ Stlth+} (You found it on level 8 of the Dungeon)
  6868 | D:8      | Reached skill level 11 in Long Blades
  7645 | D:8      | Found a bloodstained altar of Trog.
  7855 | D:9      | Learned a level 3 spell: Regeneration
  8106 | D:9      | Reached skill level 5 in Fighting
  8106 | D:9      | Reached skill level 5 in Armour
  8191 | D:9      | Reached skill level 5 in Dodging
  8389 | D:9      | Found a sparkling altar of Nemelex Xobeh.
  8638 | D:9      | Reached XP level 11. HP: 59/81 MP: 10/14
  8839 | D:10     | Entered Level 10 of the Dungeon
  8909 | D:10     | Found a staircase to the Lair.
  9314 | D:10     | Noticed Erica
  9326 | D:10     | Killed Erica
  9341 | D:10     | Reached skill level 12 in Long Blades
  9341 | D:10     | Reached skill level 10 in Slings
  9343 | D:10     | Noticed a deep elf mage
  9351 | D:10     | Killed a deep elf mage
  9660 | D:10     | Reached skill level 5 in Evocations
  9741 | D:10     | Found a staircase to the Orcish Mines.
 10162 | Lair:1   | Entered Level 1 of the Lair of Beasts
 10224 | Lair:1   | Noticed an eight-headed hydra
 10237 | Lair:1   | Killed an eight-headed hydra
 11230 | Lair:2   | Reached skill level 13 in Long Blades
 11809 | Lair:2   | Noticed Sonja
 11823 | Lair:2   | Killed Sonja
 11823 | Lair:2   | Reached ****** piety under Lugonu
 11823 | Lair:2   | Reached XP level 12. HP: 62/88 MP: 15/15
 11954 | Lair:2   | Found a staircase to the Shoals.
 12640 | Lair:3   | Reached skill level 14 in Long Blades
 12691 | Lair:3   | Found a frozen archway.
 12764 | IceCv    | Entered an ice cave
 13814 | IceCv    | Noticed a frost giant
 13878 | IceCv    | Killed a frost giant
 14365 | IceCv    | Gained mutation: You can hop longer distances. [Barachi growth]
 14365 | IceCv    | Reached XP level 13. HP: 81/96 MP: 13/16
 14800 | Lair:3   | Reached skill level 1 in Shields
 15094 | Lair:3   | Got a slimy long sword
 15095 | Lair:3   | Identified the +7 long sword of the Thoughtful Cities {venom, rN+ Str+4 Dex+4} (You found it on level 3 of the Lair of Beasts)
 15129 | Lair:3   | Found a hole to the Spider Nest.
 15995 | Lair:4   | Reached skill level 15 in Long Blades
 17936 | Lair:6   | Entered Level 6 of the Lair of Beasts
 18373 | Lair:6   | Found a viscous altar of Jiyva.
 18374 | Lair:6   | Found a staircase to the Slime Pits.
 18488 | Lair:6   | Got a crude robe
 18585 | Lair:6   | Reached skill level 5 in Shields
 18585 | Lair:6   | Reached XP level 14. HP: 75/108 MP: 14/17
 18629 | Lair:6   | Noticed Snorg
 18638 | Lair:6   | Killed Snorg
 18691 | Lair:6   | Identified the +0 robe "Suxaull" {rCorr} (You found it on level 6 of the Lair of Beasts)
 19011 | Lair:6   | Reached skill level 16 in Long Blades
 19454 | Lair:6   | Got an encrusted rapier
 19999 | Lair:1   | Identified the +3 rapier of the Lame Duck {flame, Int+2 Dex+2} (You found it on level 6 of the Lair of Beasts)
 20016 | Lair:1   | Learned a level 1 spell: Flame Tongue
 20303 | D:11     | Noticed Maurice
 20313 | D:11     | Killed Maurice
 20768 | D:11     | Found Wuxeicim's Assorted Antiques.
 20799 | D:11     | Bought a faintly humming ring mail for 207 gold pieces
 20799 | D:11     | Bought a silver wand for 92 gold pieces
 20809 | D:11     | Identified the +5 ring mail "Zifupp" {rF+++ Regen+} (You bought it in a shop on level 11 of the Dungeon)
 21232 | D:12     | Got a smoking halberd
 21238 | D:12     | Identified the cursed +3 halberd of the Unspeakable One {pain, rC- Str+4 Int+9} (You found it on level 12 of the Dungeon)
 21321 | D:12     | Reached skill level 1 in Fire Magic
 21528 | D:12     | Reached skill level 1 in Conjurations
 21867 | D:12     | Reached skill level 1 in Charms
 21982 | D:12     | Reached skill level 1 in Spellcasting
 22015 | D:12     | Reached skill level 1 in Necromancy
 22133 | D:12     | Reached skill level 1 in Transmutations
 22560 | D:13     | Gained mutation: You possess an exceptional clarity of mind. [mutagenic meat]
 22943 | D:13     | Noticed Rupert
 23022 | D:13     | Paralysed by Rupert for 2 turns
 23027 | D:13     | Paralysed by Rupert for 6 turns
 23044 | D:13     | HP: 1/108 [Rupert/great mace of crushing (9)]
 23049 | D:13     | Killed Rupert
 23249 | D:13     | Reached XP level 15. HP: 113/113 MP: 19/19
 24098 | D:13     | Found a gate to the Vaults.
 24120 | D:13     | Learned a level 4 spell: Control Undead
 24120 | D:13     | Identified a scroll of acquirement
 24121 | D:13     | Got a pair of spiked gloves
 24132 | D:13     | Identified the +0 pair of gloves of the Realm of Zot {MR+} (You acquired it on level 13 of the Dungeon)
 24460 | D:13     | HP: 4/113 [centaur warrior/arrow (8)]
 25535 | Orc:1    | Entered Level 1 of the Orcish Mines
 25565 | Orc:1    | Found a roughly hewn altar of Beogh.
 25895 | Lair:1   | Lost mutation: You do not regenerate when monsters are visible. [potion of mutation]
 25895 | Lair:1   | Lost mutation: You have a pair of small antennae on your head. [potion of mutation]
 25895 | Lair:1   | Lost mutation: You are partially covered in thin metallic scales. (AC +2) [potion of mutation]
 25895 | Lair:1   | Lost mutation: You possess an exceptional clarity of mind. [potion of mutation]
 25895 | Lair:1   | Lost mutation: Your system is resistant to poisons. (rPois) [potion of mutation]
 25895 | Lair:1   | Gained mutation: Your flesh is cold resistant. (rC+) [potion of mutation]
 25895 | Lair:1   | Gained mutation: Your body sometimes deteriorates upon taking damage. [potion of mutation]
 25895 | Lair:1   | Gained mutation: Your spells are a little harder to cast, but a little more powerful. [potion of mutation]
 26069 | D:11     | Bought a potion of mutation for 184 gold pieces
 26071 | D:11     | Lost mutation: Your spells are a little harder to cast, but a little more powerful. [potion of mutation]
 26071 | D:11     | Lost mutation: Your body sometimes deteriorates upon taking damage. [potion of mutation]
 26071 | D:11     | Lost mutation: Your flesh is cold resistant. (rC+) [potion of mutation]
 26071 | D:11     | Gained mutation: You have sharp toenails. [potion of mutation]
 26071 | D:11     | Gained mutation: You are resistant to hostile enchantments. (MR+) [potion of mutation]
 26071 | D:11     | Gained mutation: Your mind is acute. (Int +2) [potion of mutation]
 26433 | Orc:2    | Entered Level 2 of the Orcish Mines
 26628 | Orc:2    | Found Kayst's Antique Weapon Boutique.
 26659 | Orc:2    | Reached skill level 5 in Fire Magic
 26665 | Orc:2    | Found a staircase to the Elven Halls.
 26777 | Orc:2    | Bought a steaming great sword for 333 gold pieces
 26778 | Orc:2    | Identified the +5 great sword "Notiagy" {slice, rPois} (You bought it in a shop on level 2 of the Orcish Mines)
 26873 | Orc:2    | Reached skill level 5 in Conjurations
 27006 | Orc:2    | Found Lainey's Magic Scroll Shoppe.
 27010 | Orc:2    | Found Jirodot's Distillery.
 27203 | Orc:2    | Bought a scroll of teleportation for 33 gold pieces
 27203 | Orc:2    | Bought a scroll of teleportation for 33 gold pieces
 27208 | Orc:2    | Bought a potion of haste for 170 gold pieces
 27208 | Orc:2    | Bought 2 potions of haste for 340 gold pieces
 27277 | Orc:2    | Reached skill level 5 in Charms
 27333 | Orc:2    | Reached skill level 5 in Spellcasting
 27454 | Orc:2    | Reached skill level 5 in Transmutations
 27681 | Orc:2    | Found Fodo's Antique Armour Boutique.
 27681 | Orc:2    | Found Git Putz's Gadget Shop.
 27682 | Orc:2    | Found a one-way gate leading to the halls of Pandemonium.
 27690 | Orc:2    | Bought a wand of flame (10/48) for 66 gold pieces
 27779 | Orc:2    | Reached skill level 5 in Necromancy
 27779 | Orc:2    | Reached XP level 16. HP: 120/120 MP: 23/23
 27827 | Orc:2    | Found a bloodstained altar of Trog.
 28480 | Spider:1 | Entered Level 1 of the Spider Nest
 28480 | Spider:1 | Noticed Azrael
 28522 | Spider:1 | Killed Azrael
 28742 | Spider:1 | Reached skill level 17 in Long Blades
 29617 | Spider:1 | Reached skill level 18 in Long Blades
 30249 | Spider:2 | Got a slimy scale mail
 30250 | Spider:2 | Identified the cursed +1 scale mail of Lefi {*Contam +Fly rPois Int+3} (You found it on level 2 of the Spider Nest)
 30372 | Spider:2 | Noticed Arachne
 30399 | Spider:2 | Killed Arachne
 30589 | Spider:2 | Reached skill level 19 in Long Blades
 31495 | Spider:3 | Reached XP level 17. HP: 101/125 MP: 19/24
 31893 | Spider:3 | Reached skill level 20 in Long Blades
 32502 | Spider:4 | Entered Level 4 of the Spider Nest
 33429 | Spider:4 | Reached skill level 10 in Fighting
 33451 | Spider:4 | Reached skill level 10 in Armour
 33676 | Spider:4 | Reached skill level 5 in Invocations
 34586 | Spider:4 | Got a gossamer rune of Zot
 34849 | Spider:4 | Learned a level 2 spell: Blink
 34853 | Spider:4 | Learned a level 3 spell: Mephitic Cloud
 35388 | D:14     | Reached skill level 1 in Air Magic
 35460 | D:14     | Reached skill level 1 in Poison Magic
 35640 | D:14     | Reached skill level 1 in Translocations
 35972 | D:15     | Entered Level 15 of the Dungeon
 36106 | D:15     | Reached XP level 18. HP: 138/138 MP: 25/25
 36394 | D:15     | Reached skill level 10 in Dodging
 36545 | D:15     | Found an iron altar of Okawaru.
 36702 | D:15     | Learned a level 1 spell: Apportation
 36781 | D:15     | Found a staircase to the Depths.
 37164 | Shoals:1 | Entered Level 1 of the Shoals
 38412 | Shoals:2 | HP: 4/138 [merfolk javelineer/javelin of penetration (6)]
 39344 | Shoals:2 | Found a flickering gateway to a bazaar.
 39357 | Bazaar   | Entered a bazaar
 39361 | Bazaar   | Found Behodi's Gadget Shop.
 39376 | Bazaar   | Found Ymulov's Antique Armour Shop.
 39385 | Bazaar   | Bought a pair of scorched boots for 152 gold pieces
 39395 | Bazaar   | Identified the +0 pair of boots "Neazoirr" {rPois rF+} (You bought it in a shop in a bazaar)
 39436 | Bazaar   | Bought a lightning rod (4/4) for 360 gold pieces
 39857 | Shoals:3 | Reached skill level 5 in Poison Magic
 40223 | Shoals:3 | Learned a level 4 spell: Passage of Golubria
 40489 | Shoals:3 | Reached skill level 5 in Translocations
 40558 | Shoals:3 | Reached skill level 5 in Air Magic
 40789 | Shoals:4 | Entered Level 4 of the Shoals
 41015 | Shoals:4 | Noticed Ilsuiw
 41536 | Shoals:4 | Reached XP level 19. HP: 144/144 MP: 28/28
 42082 | Shoals:4 | Killed Ilsuiw
 42538 | Shoals:4 | Got a barnacled rune of Zot
 43402 | Depths:1 | Entered Level 1 of the Depths
 43475 | Depths:1 | HP: 7/146 [poisoned by a green ugly thing]
 44381 | Depths:1 | Noticed Mara
 44495 | Depths:1 | Found a gateway to Hell.
 44952 | Depths:1 | Noticed the Enchantress
 45511 | Depths:1 | Noticed Rrauwl's illusion
 45537 | Depths:1 | Killed Mara
 45952 | Depths:2 | Reached XP level 20. HP: 124/156 MP: 19/30
 46295 | Depths:2 | HP: 3/156 [frost giant (illusionary)/bolt of cold (12)]
 46299 | Depths:2 | HP: 1/156 [stone giant/large rock (10)]
 46300 | Depths:2 | Hit by a large rock thrown by a stone giant

Vault maps used:
D:1:      dpeg_arrival_three_smaller_balls
D:2:      uniq_natasha, uniq_crazy_yiuf_cottage, uniq_robin
D:3:      portal_sewer_entry_a
D:4:      first_bread, minmay_bent
D:5:      minmay_temple_entry_junction, uniq_sigmund
D:6:      nemelex_xobeh_ov_fountains_minmay, uniq_grinder
D:7:      uniq_menkaure
D:8:      basic_altar, trog_ov_bears_minmay
D:9:      basic_altar
D:10:     lair_entry_dummy, erik_orc_1, hangedman_stone_soup, uniq_erica
D:11:     serial_shops, nicolae_shop_overgrown_old_shop, uniq_maurice
D:12:     minivault_22, kennysheep_decorative_pillar
D:13:     minmay_blocking_statues, grunt_vaults_entry_tiered, special_room,
          elves_outpost_lemuel, uniq_rupert
D:15:     grunt_enter_depths_snipers, okawaru_ov_weapons_minmay
Temple:   regret_index_temple_sigil_plot
Lair:1:   serial_bayou_lagoon_a, infiniplex_staircase_pool, serial_bayou_shore_b
Lair:2:   elwin_shoals_entry_rooms, kennysheep_rathole, uniq_sonja
Lair:3:   spider_nest_entry_funnel_web, portal_ice_cave_entry_ice_beasts
Lair:5:   serial_bayou_shore_b, grunt_megastairs_2
Lair:6:   grunt_lair_end_beastmaster, slime_altar_1, enter_volcano_1,
          grunt_megastairs_4, serial_bayou_shore_a, uniq_snorg
Shoals:1: nicolae_shoals_siren_and_animal_friends
Shoals:2: serial_shops, bzr_firewalk, nicolae_shoals_mertower
Shoals:4: shoals_end_grunt_garden, shoals_ilsuiw_alternative, ldierk_geyser
Spider:1: hangedman_spider_tarantella_strand, uniq_azrael
Spider:2: mumra_spider_spiderweb, uniq_arachne
Spider:4: grunt_spider_rune_parallel
Orc:1:    basic_altar
Orc:2:    pf_orc_diabolical, serial_shops, shop, basic_altar
Depths:1: hangedman_decor_diamond_cutter, serial_co_window_serial,
          co_window_paths_a, co_window_paths_b, co_window_cross_1,
          co_window_paths_a, co_window_of_opportunity_a, co_window_cross_1,
          co_window_paths_a, co_window_paths_b, co_window_corner_a,
          co_window_corner_b, co_window_corner_b, co_window_broadway_b,
          co_window_paths_c, co_window_unsneaky_path_c, glass_columns_b,
          glass_columns_b, glass_columns_a, glass_columns_a, hell_entry,
          kennysheep_just_a_vault, uniq_mara, uniq_enchantress
Depths:2: box_level_dp, pan_entry, hell_entry
Abyss:3:  grunt_abyss_rune_forest_and_sorcery
Abyss:4:  evilmike_nicolae_abyss_rune_containment_curve
Abyss:5:  evilmike_abyss_exit_15, lemuel_flamethrower_3, minivault_27,
          evilmike_abyss_exit_mutagenic, hangedman_abyss_rune_flesh_and_stone
Bazaar:   bazaar_jpeg_cross
Sewer:    sewer_co_scattered_pipes
IceCv:    ice_cave_small_giant

Skill      XL: |  1  2  3  4  5  6  7  8  9 10 11 12 13 14 15 16 17 18 19 |
---------------+----------------------------------------------------------+-----
Fighting       | 4 5 6 7 9 11 13 | 13.3
Slings         | 1 2 3 4 6 8 9 11 12 13 14 | 14.0
Invocations    | 2 3 5 6 7 |  7.0
Long Blades    | 3 4 5 7 10 11 13 14 15 16 19 20 | 20.0
Dodging        | 2 3 4 5 6 7 8 9 11 12 | 12.6
Armour         | 3 4 5 6 7 9 10 12 13 | 13.8
Evocations     | 2 3 4 5 6 7 9 |  9.0
Shields        | 5 8 |  8.0
Fire Magic     | 2 5 |  5.1
Conjurations   | 3 5 |  5.2
Charms         | 2 5 |  5.0
Spellcasting   | 2 5 6 7 |  7.1
Necromancy     | 1 5 6 |  6.0
Transmutations | 2 5 |  5.0
Air Magic      | 2 5 |  5.0
Poison Magic   | 2 5 |  5.1
Translocations | 1 5 |  5.0

Action                   |  1- 3 |  4- 6 |  7- 9 | 10-12 | 13-15 | 16-18 | 19-21 || total
-------------------------+-------+-------+-------+-------+-------+-------+-------++-------
Melee: Falchion          |       |   131 |       |       |       |       |       ||   131
       Long sword        |       |       |       |    73 |   337 |       |       ||   410
       Halberd           |       |       |       |       |   704 |       |       ||   704
       Great sword       |       |       |       |       |   115 |  1495 |   484 ||  2094
 Fire: Hunting sling     |    71 |   150 |   314 |   927 |   884 |   644 |   258 ||  3248
Throw: Stone             |       |       |       |       |       |     3 |       ||     3
       Javelin           |       |       |       |       |       |       |     1 ||     1
 Cast: Sticks to Snakes  |       |       |       |       |    30 |    11 |       ||    41
       Regeneration      |       |       |       |       |     6 |    13 |     6 ||    25
       Flame Tongue      |       |       |       |       |     2 |       |       ||     2
       Blink             |       |       |       |       |       |     2 |     1 ||     3
       Mephitic Cloud    |       |       |       |       |       |     2 |       ||     2
Invok: Depart the Abyss  |     1 |       |       |       |       |       |       ||     1
       Bend Space        |       |       |       |       |       |     1 |     1 ||     2
 Abil: Hop               |     1 |       |     5 |     6 |    16 |    13 |     6 ||    47
       Evoke Blink       |       |       |     2 |     2 |     1 |       |       ||     5
Evoke: Wand              |       |       |       |     3 |    48 |    32 |    15 ||    98
       Fan of gales      |       |       |       |       |       |     1 |     1 ||     2
       Sack of spiders   |       |       |       |       |       |       |     1 ||     1
       Phial of floods   |       |       |       |       |       |       |     1 ||     1
  Use: Potion            |       |     8 |     5 |     8 |    10 |    20 |     8 ||    59
       Scroll            |       |     7 |     6 |    12 |    22 |    13 |     4 ||    64
 Stab: Confused          |       |       |       |       |     4 |     1 |       ||     5
       Petrifying        |       |       |       |       |     2 |       |       ||     2
       Sleeping          |       |       |       |       |     1 |     2 |       ||     3
       Petrified         |       |       |       |       |     1 |       |       ||     1
       Distracted        |       |       |       |       |     2 |     2 |       ||     4
       Held in net/web   |       |       |       |       |       |     1 |       ||     1
  Eat: Chunk             |     2 |     7 |     6 |    19 |    27 |    16 |     4 ||    81
       Fruit             |       |       |     3 |     2 |    12 |     4 |     4 ||    25
       Royal jelly       |       |       |       |     1 |     5 |     2 |     3 ||    11
       Meat ration       |       |       |       |     1 |     1 |     3 |       ||     5
       Bread ration      |       |       |       |       |       |     4 |     1 ||     5
Armor: Leather armour    |     5 |    21 |     9 |       |       |       |       ||    35
       Scale mail        |       |       |    20 |    19 |       |       |       ||    39
       Plate armour      |       |       |       |   292 |   406 |       |       ||   698
       Ring mail         |       |       |       |       |   559 |  1034 |   203 ||  1796
Dodge: Dodged            |     7 |    38 |    34 |    81 |   819 |  1297 |   320 ||  2596
Block: Other             |       |       |    11 |       |       |       |       ||    11
       Large shield      |       |       |       |     1 |   353 |       |       ||   354
       Rpst.: Falchion   |       |     1 |       |       |       |       |       ||     1
       Long sword        |       |       |       |     5 |     8 |       |       ||    13
       Great sword       |       |       |       |       |     9 |   273 |    65 ||   347
